 Dungeon Crawl Stone Soup version 0.29.1-15-g9cfb28693d (webtiles) character file.

Game seed: 6404170023225407102

333 javelincjr the Ducker (level 6, -3/40 HPs)
             Began as a Djinni Conjurer on Mar 6, 2023.
             Was an Initiate of Hepliaklqana.
             Slain by an orc warrior
             ... wielding a +0 halberd
              (24 damage)
             ... on level 6 of the Dungeon.
             The game lasted 00:13:25 (2903 turns).

javelincjr the Ducker (Djinni Conjurer)             Turns: 2903, Time: 00:13:25

Health: -3/40      AC:  2    Str: 14    XL:     6   Next: 83%
Gold:   91         EV: 13    Int: 20    God:    Hepliaklqana [......] SH:  0 Dex: 11

rFire   + + .      SeeInvis .   y - +2 dagger (pain)
rCold   . . .      Faith    .   (no shield)
rNeg    . . .      Spirit   .   a - +0 robe
rPois   ∞          Reflect  .   (no helmet)
rElec   .          Harm     .   (no cloak)
rCorr   .          Rampage  .   (no gloves)
Will    .....                   (boots unavailable)
Stlth   ++........              f - amulet of regeneration
HPRegen 0.93/turn               i - +6 ring of strength
MPRegen 0.00/turn               o - ring of protection from cold

@: flying, very slightly contaminated
A: sickness immunity, fire resistance 2, cold vulnerability 1, float, innate
caster, HP casting, extra vitality 1
a: Renounce Religion


You were on level 6 of the Dungeon.
You worshipped Hepliaklqana.
Hepliaklqana was noncommittal.
You visited 2 branches of the dungeon, and saw 5 of its levels.

You collected 91 gold pieces.

Inventory:

Hand Weapons
 y - a +2 dagger of pain (weapon)
Missiles
 l - 3 curare-tipped darts
Armour
 a - a +0 robe (worn)
Magical Staves
 t - a staff of fire
Jewellery
 f - an amulet of regeneration (around neck)
 i - a +6 ring of strength (left hand)
 o - a ring of protection from cold (right hand)
Wands
 x - a wand of iceblast (10)
Scrolls
 g - a scroll of teleportation
 h - a scroll of brand weapon
 k - a scroll of identify
 q - a scroll of poison {unknown}
 r - 2 scrolls of fear {unknown}
 s - a scroll of blinking {unknown}
Potions
 b - a potion of cancellation {unknown}
 c - 2 potions of degeneration {unknown}
 d - a potion of mutation {unknown}
 e - a potion of lignification {unknown}
 j - 2 potions of curing {unknown}
 p - 2 potions of berserk rage {unknown}
 u - a potion of brilliance {unknown}
 v - a potion of ambrosia {unknown}
 w - a potion of heal wounds {unknown}
 z - a potion of invisibility


   Skills:
 + Level 4.5 Dodging
 + Level 3.6 Stealth
 + Level 4.3 Spellcasting


You couldn't memorise any spells.
You knew the following spells:

 Your Spells              Type           Power      Damage    Failure   Level
a - Magic Dart            Conj           84%        1d7       1%          1
b - Searing Ray           Conj           42%        2d6       3%          2
c - Dazzling Flash        Conj/Hex       42%        N/A       6%          3
d - Fulminant Prism       Conj/Hex       10%        3d9       21%         4
e - Iskenderun's Mystic   Conj/Tloc      21%        2d6       21%         4
f - Apportation           Tloc           42%        N/A       1%          1
g - Poisonous Vapours     Pois/Air       42%        N/A       3%          2
Your spell library was empty.

Dungeon Overview and Level Annotations

Branches:
Dungeon (6/15)             Temple (1/1) D:6

Altars:
Elyvilon
Hepliaklqana
Makhleb
Okawaru
Qazlal
Ru
Trog
Uskayaw
Wu Jian
Xom
Zin
The Shining One

Shops:
D:2 ?


Innate Abilities, Weirdness & Mutations

You are immune to sickness and miasma.
You are immune to poison.
Your flesh is very heat resistant. (rF++)
You are vulnerable to cold. (rC-)
You float through the air rather than walking.
You learn spells naturally, not from books.
Your magical power is your life essence.
You have superior vitality. (+4 MHP)


Message History

Found a stone staircase leading down.
An orc warrior comes into view. It is wielding a +0 halberd.
Casting: Searing Ray (safe; 3% risk of failure)
Confirm with . or Enter, or press ? or * to list all spells.
The spell is quite dangerous to miscast (21% risk of failure)!
Continue anyway?
Aiming: Fulminant Prism (quite dangerous; 21% risk of failure)
Press: ? - help, Dir - move target You conjure a prism of explosive energy!
A fulminant prism comes into view.
An orc wizard comes into view. It is wielding a +0 dagger.
Casting: Fulminant Prism (quite dangerous; 21% risk of failure)
Confirm with . or Enter, or press ? or * to list all spells.
Aiming: Searing Ray (safe; 3% risk of failure)
Press: ? - help, Shift-Dir - straight line, f - orc warrior
Aim: an orc warrior, wielding a +0 halberd and wearing a +0 chain mail (ally target, 75% to hit)
You miscast Searing Ray.
You are very lightly contaminated with residual magic.
Nothing appears to happen.
Your fulminant prism crackles loudly.
Casting: Searing Ray (safe; 3% risk of failure)
Confirm with . or Enter, or press ? or * to list all spells.
Aiming: Poisonous Vapours (safe; 3% risk of failure)
Press: ? - help, Dir - move target, f/p - orc warrior
Aim: an orc warrior, wielding a +0 halberd and wearing a +0 chain mail (ally target) Poisonous vapours surround the orc warrior!
The orc warrior is poisoned.
Your fulminant prism explodes!
The blast of energy engulfs the orc warrior.
The orc warrior is lightly wounded.
The orc warrior hits you from afar with a +0 halberd!
You hear a shout!
Casting: Poisonous Vapours (safe; 3% risk of failure)
Confirm with . or Enter, or press ? or * to list all spells.
The spell is quite dangerous to miscast (21% risk of failure)!
Continue anyway?
You erupt in a blast of force!
The mystic blast hits the orc warrior but does no damage.
The orc warrior is lightly wounded.
The orc warrior hits you from afar with a +0 halberd!!
Ouch! That really hurt!
You die...

...........# ###..#####.# ##
#..# #.# #. ###..#####.# #.
........##.# #.##
###..##.##.# #..##
.##..##.##.# #...##
###........# #..#.#.##.
....###..### #.@.o..o..
##### ##.# ##.##.#### #.#
#.# ..# # ####.### #.# #.# #
## #......# #.###.###.# .##
#.#....# #.........#
..###......## #####.#.###
...##.......#######..>..#
...'...............#.......'


You could see an orc warrior (very poisoned) and an orc wizard.

Vanquished Creatures
  A necrophage (D:3)
  A scorpion (D:3)
  A hound (D:6)
  An orc priest (D:6)
  Ijyb (D:3)
  An orc wizard (D:6)
  3 adders
  2 worms
  3 dart slugs
  5 orcs
  6 ball pythons
  5 bats
  3 endoplasms
  3 giant cockroaches
  6 goblins
  4 hobgoblins
  3 jackals (D:2)
  7 quokkas
  A frilled lizard (D:1)
  3 kobolds
  4 rats
64 creatures vanquished.

Vanquished Creatures (others)
  5 fulminant prisms
  A plant (D:6)
6 creatures vanquished.

Grand Total: 70 creatures vanquished

Notes
Turn   | Place    | Note
-------+----------+-------------------------------------------
     0 | D:1      | javelincjr the Djinni Conjurer began the quest for the Orb.
     0 | D:1      | javelincjr set off with the following spells memorised:
                  | Magic Dart, Searing Ray, Dazzling Flash, Fulminant Prism,
                  | Iskenderun's Mystic Blast.
     0 | D:1      | Reached XP level 1. HP: 15/15 MP: 0/0
   163 | D:1      | Reached XP level 2. HP: 10/21 MP: 0/0
   410 | D:1      | Found a faded altar of an unknown god.
   787 | D:1      | Reached XP level 3. HP: 15/25 MP: 0/0
   787 | D:1      | Learned a level 1 spell: Apportation
  1096 | D:2      | Found Falaq's Magic Scroll Boutique.
  1340 | D:2      | Reached XP level 4. HP: 31/31 MP: 0/0
  1728 | D:3      | Noticed a scorpion
  1732 | D:3      | Killed a scorpion
  1733 | D:3      | Reached XP level 5. HP: 34/35 MP: 0/0
  1733 | D:3      | Learned a level 2 spell: Poisonous Vapours
  1875 | D:3      | Noticed Ijyb
  1895 | D:3      | Killed Ijyb
  2171 | D:3      | Found an ornate altar of the Wu Jian Council.
  2171 | D:3      | Found a hide-covered altar of Uskayaw.
  2216 | D:3      | Reached XP level 6. HP: 24/40 MP: 0/0
  2279 | D:3      | You are sucked into a shaft and drop 3 floors!
  2367 | D:6      | Found a staircase to the Ecumenical Temple.
  2404 | Temple   | Entered the Ecumenical Temple
  2692 | Temple   | Became a worshipper of Hepliaklqana the Forgotten
  2733 | D:6      | Found a glowing silver altar of Zin.
  2899 | D:6      | Noticed an orc warrior
  2903 | D:6      | Slain by an orc warrior

Illustrated notes

Levels and vault maps discovered:
D:1:      wheals_arrival_shading, layout_loops_corners, basic_ecumenical_altar
D:2:      layout_loops_ring, serial_shops, shop
D:3:      layout_basic, amethyst_overflow_temple_binary, minmay_misc_feat_roman,
          nicolae_figureground_sparkle, uniq_ijyb
D:6:      layout_loops_corners, lemuel_round_altar, mainiacjoe_overflow_swirl,
          minmay_temple_entry_gardened_gates
Temple:   dpeg_chambers_temple

Skill      XL: |  1  2  3  4  5 |
---------------+----------------+-----
Stealth        | 2 3 |  3.6
Dodging        | 3 4 |  4.5
Spellcasting   | 4 |  4.3

Action                   |  1- 3 |  4- 6 || total
-------------------------+-------+-------++-------
Melee: Dagger            |       |     3 ||     3
       Punch             |       |     1 ||     1
 Cast: Magic Dart        |    82 |    38 ||   120
       Searing Ray       |     2 |     4 ||     6
       Fulminant Prism   |       |     5 ||     5
       Poisonous Vapours |       |     9 ||     9
       Iskenderun's Myst |       |     6 ||     6
  Use: Scroll            |       |     3 ||     3
Armor: Robe              |     3 |     1 ||     4
Dodge: Dodged            |     8 |    11 ||    19
